 Dungeon Crawl Stone Soup version 0.32-a0-612-g1c984fe9d1 (webtiles) character file.

Game seed: 2878739739239906488

158476 cforsyth the Severer (level 17, -5/154 HPs)
             Began as a Mountain Dwarf Necromancer on Mar 4, 2024.
             Was the Champion of Kikubaaqudgha.
             Killed from afar by a shock serpent (19 damage)
             ... with a bolt of electricity
             ... on level 3 of the Snake Pit on Mar 5, 2024.
             The game lasted 01:53:41 (37960 turns).

cforsyth the Severer (Mountain Dwarf Necromancer)  Turns: 37960, Time: 01:53:42

Health: -5/154     AC: 27    Str: 21    XL:     17   Next: 14%
Magic:  24/24      EV: -1    Int: 23    God:    Kikubaaqudgha [******]
Gold:   2582       SH: 13    Dex: 13    Spells: 2/26 levels left

rFire   . . .        x - +2 broad axe (freeze)
rCold   . . .        v - +0 kite shield
rNeg    + . .        o - +5 chain mail of the Bruised Thickets {+Blink Regen+ Str+3 Dex-2}
rPois   +            y - +2 helmet
rElec   .            M - +0 cloak
rCorr   +            O - +0 pair of gloves
SInv    +            B - +2 pair of boots
Will    +++++        s - amulet "Buuherot" {rPois Will+++ RegenMP+ rCorr SInv} Stlth
                     Y - +4 ring of slaying
HPRegen 1.25/turn    Q - ring of Voacicle {rPois rN+ Will+ Str+3 Dex+6 Slay+3}
MPRegen 0.59/turn

%: no passive effects
@: lethally poisoned (-5 -> -12), weakened, animating dead, hasted, constricted,
studying 2 skills, very quick
A: runic magic, artefact enchanting, clever 1, screaming 1
a: Renounce Religion, Evoke Blink, Unearth Wretches, Torment


You were on level 3 of the Snake Pit.
You worshipped Kikubaaqudgha.
Kikubaaqudgha was exalted by your worship.
You visited 5 branches of the dungeon, and saw 27 of its levels.
You also visited: Sewer, Bailey, Gauntlet and Ice Cave.

You collected 5069 gold pieces.
You spent 2487 gold pieces at shops.


Innate Abilities, Weirdness & Mutations

Your spellcasting is much less encumbered by armour.
You can use scrolls of enchantment on lesser artefacts.
Your mind is acute. (Int +4, Str/Dex -1)
You occasionally shout uncontrollably at your foes.


   Skills:
 - Level 14.5 Fighting
 - Level 17.8(18.0) Axes
 - Level 3.3(12.1) Maces & Flails
 + Level 12.4 Armour
 - Level 1.3 Dodging
 - Level 1.4 Stealth
 + Level 15.9 Shields
 - Level 5.0 Spellcasting
 - Level 4.0 Hexes
 - Level 15.1 Necromancy
 - Level 7.5 Earth Magic


You had 2 spell levels left.
You knew the following spells:

 Your Spells              Type           Power      Damage    Failure   Level
a - Animate Dead          Necr           66%        N/A       1%          4
b - Borgnjor's Vile Clut  Necr/Erth      27%        N/A       5%          5
d - Death Channel         Necr           33%        N/A       6%          6
n - Dispel Undead         Necr           66%        3d23      1%          4
X - Necrotise             Necr           100%       1d9       1%          1
Y - Anguish               Hex/Necr       24%        N/A       4%          4

Your spell library contained the following spells:

 Spells                   Type           Power      Damage    Failure   Level
 Kiss of Death            Conj/Necr      100%       2d13      1%          1
 Sublimation of Blood     Necr           66%        N/A       1%          2
 Slow                     Hex            96%        N/A       4%          1
 Ensorcelled Hibernation  Hex/Ice        28%        N/A       14%         2
 Magic Dart               Conj           20%        1d4       21%         1
 Blink                    Tloc           10%        N/A       30%         2
 Call Imp                 Summ           10%        N/A       30%         2
 Lesser Beckoning         Tloc           10%        N/A       30%         2
 Fugue of the Fallen      Necr           66%        N/A       1%          3
 Vampiric Draining        Necr           66%        2d10      1%          3
 Curse of Agony           Necr           66%        N/A       1%          5
 Passwall                 Erth           40%        N/A       2%          3
 Confusing Touch          Hex            24%        N/A       12%         3
 Sigil of Binding         Hex            24%        N/A       12%         3
 Dazzling Flash           Conj/Hex       28%        N/A       26%         3
 Brom's Barrelling Bould  Conj/Erth      23%        2d4       41%         4
 Leda's Liquefaction      Alch/Erth      11%        N/A       41%         4
 Petrify                  Alch/Erth      23%        N/A       41%         4
 Frozen Ramparts          Ice            10%        1d2       52%         3
 Hailstorm                Conj/Ice       5%         3d5       52%         3
 Mephitic Cloud           Conj/Alch/Air  5%         N/A       52%         3
 Summon Ice Beast         Ice/Summ       5%         N/A       52%         3
 Swiftness                Air            5%         N/A       52%         3
 Dimensional Bullseye     Hex/Tloc       7%         N/A       65%         4
 Manifold Assault         Tloc           5%         N/A       90%         4
 Passage of Golubria      Tloc           5%         N/A       90%         4
 Metabolic Englaciation   Hex/Ice        7%         N/A       94%         5
 Silence                  Hex/Air        7%         N/A       94%         5
 Summon Mana Viper        Hex/Summ       14%        N/A       94%         5
 Borgnjor's Revivificati  Necr           33%        N/A       95%         8
 Infestation              Necr           33%        N/A       95%         8
 Fireball                 Conj/Fire      2%         3d4       99%         5
 Iskenderun's Battlesphe  Conj           5%         2d6       99%         5
 Summon Forest            Summ/Tloc      2%         N/A       99%         5
 Conjure Ball Lightning   Conj/Air       2%         3x3d6     100%        6
 Dispersal                Tloc           2%         N/A       100%        6
 Sculpt Simulacrum        Ice/Alch       2%         N/A       100%        6
 Summon Cactus Giant      Summ           2%         N/A       100%        6
 Haunt                    Necr/Summ      20%        N/A       100%        7
 Orb of Destruction       Conj           2%         9d5       100%        7
 Summon Hydra             Summ           2%         N/A       100%        7
 Discord                  Hex            12%        N/A       100%        8
 Disjunction              Tloc           2%         N/A       100%        8
 Lehudib's Crystal Spear  Conj/Erth      11%        10d4      100%        8
 Death's Door             Necr           33%        N/A       100%        9

Inventory:

Hand Weapons
 t - the +5 mace "Wienkam" {drain, rF+ Dex+4}
   (You found it on level 4 of the Dungeon)

   Dex+4:     It affects your dexterity (+4).
   rF+:       It protects you from fire.
 x - a +2 broad axe of freezing (weapon)
 I - the +1 morningstar "Nusiq" {flame, rC+}
   (You found it in a bailey)

   rC+:       It protects you from cold.
Armour
 o - the +5 chain mail of the Bruised Thickets (worn) {+Blink Regen+ Str+3 Dex-2}
   (You found it in a bailey)

   Str+3:     It affects your strength (+3).
   Dex-2:     It affects your dexterity (-2).
   +Blink:    It lets you blink.
   Regen+:    It increases your rate of health regeneration.
 v - a +0 kite shield (worn)
 y - a +2 helmet (worn)
 B - a +2 pair of boots (worn)
 M - a +0 cloak (worn)
 O - a +0 pair of gloves (worn)
Jewellery
 c - a ring of protection from cold
 s - the amulet "Buuherot" (around neck) {rPois Will+++ RegenMP+ rCorr SInv}
   (You bought it in a shop on level 2 of the Orcish Mines)

   [amulet of magic regeneration]

   It increases your rate of magic regeneration.
   rPois:     It protects you from poison.
   Will+++:   It greatly increases your willpower.
   SInv:      It lets you see invisible.
   rCorr:     It protects you from acid and corrosion.
   RegenMP+:  It increases your rate of magic regeneration.
 L - the ring of Fexu {Fly rPois rN+ Will- SInv}
   (You took it off a minotaur in a Gauntlet)

   [ring of positive energy]

   rPois:     It protects you from poison.
   rN+:       It protects you from negative energy.
   Will-:     It decreases your willpower.
   SInv:      It lets you see invisible.
   Fly:       It grants you flight.
 N - a ring of positive energy
 P - a ring of poison resistance
 Q - the ring of Voacicle (right hand) {rPois rN+ Will+ Str+3 Dex+6 Slay+3}
   (You bought it in a shop on level 2 of the Orcish Mines)

   [ring of dexterity]

   Str+3:     It affects your strength (+3).
   Dex+6:     It affects your dexterity (+6).
   Slay+3:    It affects your accuracy & damage with ranged weapons and melee
   (+3).
   rPois:     It protects you from poison.
   rN+:       It protects you from negative energy.
   Will+:     It increases your willpower.
 T - an amulet of faith {!P}
 Y - a +4 ring of slaying (left hand)
Wands
 h - a wand of flame (47)
 j - a wand of paralysis (17)
 n - a wand of mindburst (10)
 w - a wand of acid (4)
 F - a wand of digging (14)
 K - a wand of roots (17)
Scrolls
 d - 4 scrolls of poison
 g - 8 scrolls of teleportation {@r2}
 i - 4 scrolls of fear
 A - 2 scrolls of noise
 D - 4 scrolls of amnesia
 G - 3 scrolls of vulnerability
 H - a scroll of enchant weapon
 J - 7 scrolls of fog
 S - 2 scrolls of enchant armour
 U - 2 scrolls of brand weapon
 V - 6 scrolls of blinking
 W - a scroll of revelation
 Z - a scroll of silence {!r}
Potions
 b - 3 potions of magic
 e - 6 potions of ambrosia
 f - 10 potions of curing {@q1}
 k - 5 potions of might
 l - 6 potions of brilliance
 m - 8 potions of mutation
 p - 3 potions of resistance
 q - 2 potions of enlightenment
 r - 4 potions of haste {@q3}
 u - 6 potions of attraction
 z - 2 potions of cancellation
Miscellaneous
 a - a lightning rod (4/4)
 E - a sack of spiders
 X - a phial of floods

Dungeon Overview and Level Annotations

Branches:
Dungeon (15/15)            Temple (1/1) D:6            Lair (5/5) D:8
  Swamp (0/4) Lair:3        Snake (4/4) Lair:3        Slime (0/5) Lair:5
    Orc (2/2) D:11            Elf (0/3) Orc:2        Vaults (0/5) D:14
 Depths (0/4) D:15          Sewer (visited)          Bailey (visited)
  IceCv (visited)         Gauntlet (visited)

Altars:
Ashenzari
Cheibriados
Dithmenos
Elyvilon
Fedhas
Gozag
Hepliaklqana
Kikubaaqudgha
Makhleb
Nemelex Xobeh
Okawaru
Qazlal
Ru
Sif Muna
Trog
Uskayaw
Vehumet
Wu Jian
Xom
Yredelemnul
Zin
The Shining One
Beogh

Shops:
D:1 (   Orc:1 (   Orc:2 ?([=   Snake:3 (!

Portals:
Abyss: D:9

Annotations:
Snake:2 Roxanne

#......... #....Z....
#.ZZ(Z.... #..ZZ#Z...
#.ZZ.##ZZ. #..ZZ###.Z
########### ###### ##.
#.........# #.
#.b.b)@.Nb#############
#.b..[Nb.Sb............
#.b.bb..b...###########
##.b.######..###
♣♣♣♣♣#####.b.#######...##
♣♣~~P~~~~~~~.............#
♣P~≈~~~~~~~~...........#.#
♣♣~≈≈≈≈~~~~~~.......^...#.#
♣P≈≈≈≈≈~~~~~P...........#.####
#


You could see a nagaraja (fast, ally target), a salamander and a shock serpent
(ally target).


Message History

Unknown command.
Unknown command.
Unknown command.
The nagaraja's grasp on you weakens, but your attempt to escape fails.
You feel sick. The nagaraja spits poison at you. The splash of poison hits you.
You are more poisoned.
You resist.
* * * LOW HITPOINT WARNING * * *
The nagaraja constricts you.
* * * LOW HITPOINT WARNING * * *
The salamander unwields a +0 shortbow.
The salamander wields a +0 glaive.
The salamander hits your butterfly with a +0 glaive!!
Your butterfly dies!
Your butterfly disappears in a burst of colours!
Unknown command.
Unknown command.
Unknown command.
Unknown command.
Unknown command.
Unknown command.
Unknown command.
Unknown command.
You feel yourself speed up.
You feel very sick.
The shock serpent shoots out a bolt of lightning at you!
The bolt of electricity hits you!!
You die...
Kikubaaqudgha rasps: You have failed me!
Welcome... death!

Skill      XL: |  1  2  3  4  5  6  7  8  9 10 11 12 13 14 15 16 17 |
---------------+----------------------------------------------------+-----
Fighting       | 1 2 3 4 5 6 7 8 9 10 11 13 14 | 14.5
Necromancy     | 5 6 7 8 9 10 11 12 13 15 | 15.1
Maces & Flails | 1 3 |  3.3
Armour         | 1 3 4 6 7 9 10 11 12 | 12.4
Axes           | 4 6 7 9 11 12 14 15 17 | 17.8
Shields        | 3 5 7 9 10 12 14 15 | 15.9
Spellcasting   | 5 |  5.0
Earth Magic    | 6 7 |  7.5
Hexes          | 4 |  4.0
Dodging        | |  1.3
Stealth        | |  1.4

Action                     |  1- 3 |  4- 6 |  7- 9 | 10-12 | 13-15 | 16-18 || total
---------------------------+-------+-------+-------+-------+-------+-------++-------
  Melee: Unarmed           |    23 |       |       |       |       |       ||    23
         Punch             |     1 |       |       |       |       |       ||     1
         Whip              |     7 |    61 |       |       |       |       ||    68
         Mace              |       |       |   256 |   344 |    31 |       ||   631
         Broad axe         |       |       |       |   496 |  1101 |   319 ||  1916
         Morningstar       |       |       |       |       |   115 |     8 ||   123
   Cast: Necrotise         |    76 |    66 |    97 |    59 |     5 |       ||   303
         Animate Dead      |       |       |     1 |    12 |    23 |     6 ||    42
         Borgnjor's Vile C |       |       |       |       |       |     9 ||     9
         Death Channel     |       |       |       |       |       |     1 ||     1
         Anguish           |       |       |       |       |       |     1 ||     1
 Invoke: Unearth Wretches  |       |       |       |       |     2 |       ||     2
         Receive Forbidden |       |       |       |       |     1 |       ||     1
  Evoke: Wand              |       |     3 |     8 |    23 |     9 |     2 ||    45
         Lightning rod     |       |       |       |       |     3 |       ||     3
    Use: Scroll            |       |    13 |       |    19 |     7 |     2 ||    41
         Potion            |       |       |     4 |     1 |     2 |     4 ||    11
   Stab: Distracted        |       |       |     1 |     5 |    14 |     6 ||    26
         Paralysed         |       |       |       |     4 |       |       ||     4
 Armour: Robe              |    36 |       |       |       |       |       ||    36
         Plate armour      |       |    98 |   419 |   649 |       |       ||  1166
         Chain mail        |       |     3 |       |   386 |  1099 |   304 ||  1792
         Skin              |       |     1 |       |       |       |       ||     1
  Dodge: Dodged            |    32 |    16 |    92 |   253 |   421 |    72 ||   886
  Block: Kite shield       |       |       |    85 |   512 |   776 |   185 ||  1558

Levels and vault maps discovered:
D:1:      evilmike_arrival_hilbert_curve, layout_loops_ring, serial_shops, shop
D:2:      layout_basic
D:3:      layout_basic, chequers_avenue, uniq_ijyb
D:4:      layout_layer_cave, mainiacjoe_overflow_chevrons, zin_statuary
D:5:      layout_cave_pools, portal_sewer_entry_b, gammafunk_ghost_cemetery,
          nicolae_fountain_basement
D:6:      layout_loops_ring, kennysheep_orc_sif_temple, temple_fountains
D:7:      layout_rooms, nicolae_overflow_crystal_walls,
          nicolae_overflow_squiral, serial_bayou_lagoon_a
D:8:      layout_loops_ring, kennysheep_vampire_church, dpeg_lair_monsters,
          dk_vineyard_1
D:9:      layout_loops_cross, fedhas_ov_isle_minmay,
          gammafunk_ghost_abyssal_escape, serial_ice, serial_ice_f,
          serial_ice_k, serial_ice_o, serial_ice_e, serial_ice_m, serial_ice_c,
          serial_ice_a, serial_ice_d, serial_ice_b, serial_ice_g
D:10:     layout_loops_ring, enter_bailey_7, minmay_fractal_squares_gapless_7
D:11:     layout_basic, david_orc_4
D:12:     layout_loops_corners, nrook_mini_vaults
D:13:     layout_long_grid, gauntlet_entry_generic, uniq_josephine
D:14:     layout_loops_ring, skrybe_vaults_entry_preservation, minivault_11,
          tso_metal_star
D:15:     grunt_enter_depths_hoard, layout_cave_pools, kennysheep_pointless_box,
          vehumet_altar_wand_db, uniq_louise
Temple:   zaba_magenta_temple
Lair:1:   layout_long_grid, nicolae_lair_liquid_snakes, grunt_megastairs_5
Lair:2:   layout_small_grid, grunt_megastairs_3
Lair:3:   layout_long_grid, alex1729_swamp_entry_worm_eleionoma,
          guppyfry_snake_entry_island, wad_woods_01
Lair:4:   layout_misc_corridors, portal_ice_cave_entry_ice_simulacra,
          grunt_forest_small_clearings
Lair:5:   cheibrodos_lair_end_hotspot, layout_gridlike,
          minmay_slime_entry_pillars, chequers_serial_rivers_small_b, uniq_snorg
Snake:1:  layout_layer_cave, nicolae_integral_box
Snake:2:  layout_rooms, serial_bayou_pond_e, grunt_megastairs_2, uniq_vashnia,
          uniq_frances, uniq_roxanne
Snake:3:  layout_rooms, serial_bayou_shore_a, minmay_shop_star
Snake:4:  grunt_snake_rune_pools, layout_cave_town, nicolae_snake_storage_room
Orc:1:    layout_caves, serial_shops, nicolae_shop_bloodbath_and_beyond
Orc:2:    pubby_orc_utopia

Notes
Turn   | Place    | Note
-------+----------+-------------------------------------------
     0 | D:1      | cforsyth the Mountain Dwarf Necromancer began the quest for
                  | the Orb.
     0 | D:1      | Reached XP level 1. HP: 14/14 MP: 3/3
    79 | D:1      | Reached skill level 1 in Fighting
   127 | D:1      | Reached XP level 2. HP: 23/23 MP: 0/4
   626 | D:1      | Reached skill level 2 in Fighting
   626 | D:1      | Reached skill level 5 in Necromancy
   626 | D:1      | Reached XP level 3. HP: 27/29 MP: 0/5
   924 | D:1      | Found Baros's Antique Weapon Shoppe.
  1908 | D:2      | Reached XP level 4. HP: 37/37 MP: 0/6
  2613 | D:3      | Noticed Ijyb
  2626 | D:3      | Reached skill level 3 in Fighting
  2773 | D:3      | Killed Ijyb
  2901 | D:3      | Reached XP level 5. HP: 45/45 MP: 2/7
  3154 | D:4      | Noticed a black bear
  3168 | D:4      | Killed a black bear
  3169 | D:4      | Reached skill level 4 in Fighting
  3169 | D:4      | Reached skill level 6 in Necromancy
  3270 | D:4      | Found a radiant altar of Vehumet.
  3562 | D:4      | Noticed a phantom
  3588 | D:4      | Killed a phantom
  3589 | D:4      | Reached XP level 6. HP: 32/53 MP: 8/8
  3594 | D:4      | Learned a level 4 spell: Animate Dead
  3680 | D:4      | Reached skill level 5 in Fighting
  3680 | D:4      | Reached skill level 7 in Necromancy
  3938 | D:4      | Identified the +5 mace "Wienkam" {drain, rF+ Dex+4}
  4289 | D:4      | Found a glowing silver altar of Zin.
  4572 | D:5      | Entered Level 5 of the Dungeon
  4620 | D:5      | Identified a scroll of acquirement
  4620 | D:5      | Acquired 456 gold pieces
  4633 | D:5      | Noticed a sky beast
  4639 | D:5      | Killed a sky beast
  4640 | D:5      | Reached skill level 1 in Maces & Flails
  4640 | D:5      | Reached skill level 1 in Armour
  4640 | D:5      | Reached XP level 7. HP: 42/61 MP: 7/9
  4764 | D:5      | Found a runed translucent gate.
  4766 | D:5      | Found a runed translucent gate.
  4766 | D:5      | Found a runed translucent gate.
  4767 | D:5      | Noticed ytrimaz's ghost (novice CoAr)
  4767 | D:5      | Noticed TheLasagnaBaron's ghost (novice MiBe)
  4855 | D:5      | Reached skill level 2 in Maces & Flails
  4940 | D:5      | Reached skill level 2 in Armour
  4943 | D:5      | Found a glowing drain.
  4973 | Sewer    | Entered a sewer
  5153 | Sewer    | Noticed Pargi
  5159 | Sewer    | Killed Pargi
  5160 | Sewer    | Reached skill level 6 in Fighting
  5160 | Sewer    | Reached skill level 3 in Maces & Flails
  5330 | Sewer    | HP: 2/63 [poisoned by a kobold brigand]
  5336 | Sewer    | Reached skill level 3 in Armour
  5336 | Sewer    | Reached XP level 8. HP: 16/70 MP: 6/10
  6026 | D:6      | Found a staircase to the Ecumenical Temple.
  6037 | Temple   | Entered the Ecumenical Temple
  6097 | D:6      | Reached skill level 1 in Axes
  6183 | D:6      | Reached skill level 8 in Necromancy
  6233 | D:6      | Reached skill level 2 in Axes
  6253 | D:6      | Reached skill level 4 in Armour
  6258 | D:6      | Reached skill level 7 in Fighting
  6258 | D:6      | Reached skill level 3 in Axes
  7191 | D:5      | Reached skill level 4 in Axes
  7191 | D:5      | Reached XP level 9. HP: 57/79 MP: 11/11
  7283 | D:6      | Reached skill level 5 in Armour
  7332 | D:6      | Found a shimmering blue altar of Sif Muna.
  7848 | D:7      | Reached skill level 9 in Necromancy
  8031 | D:6      | Reached skill level 1 in Shields
  8225 | D:7      | Reached skill level 5 in Axes
  8653 | D:7      | Reached skill level 8 in Fighting
  8674 | D:7      | Found a basalt altar of Yredelemnul.
  8715 | D:7      | Noticed a kobold demonologist
  8931 | D:7      | Killed a kobold demonologist
  8932 | D:7      | Reached skill level 6 in Armour
  8932 | D:7      | Reached skill level 2 in Shields
  9071 | D:7      | Found a snail-covered altar of Cheibriados.
  9072 | D:7      | Found a white marble altar of Elyvilon.
  9095 | D:7      | Identified the +1 ring mail of Woafamej {+Blink Int+5}
  9341 | D:8      | Found an ancient bone altar of Kikubaaqudgha.
  9381 | D:8      | Noticed a death yak
  9392 | D:8      | Noticed a death yak
  9440 | D:7      | Killed a death yak
  9441 | D:7      | Reached skill level 6 in Axes
  9441 | D:7      | Reached skill level 3 in Shields
  9441 | D:7      | Reached XP level 10. HP: 38/90 MP: 12/12
  9641 | D:7      | Killed a death yak
  9851 | D:8      | Reached skill level 10 in Necromancy
  9857 | D:8      | Reached skill level 4 in Shields
 10071 | D:8      | Reached skill level 7 in Armour
 10081 | D:8      | Reached skill level 9 in Fighting
 10098 | D:8      | Found a staircase to the Lair.
 10200 | D:8      | Reached skill level 7 in Axes
 11226 | D:9      | Noticed a toenail golem
 11243 | D:8      | Reached skill level 5 in Shields
 11355 | D:9      | Noticed a hell hog
 11359 | D:9      | Noticed a toenail golem
 12045 | D:9      | Noticed a skeletal warrior
 12461 | D:9      | Found a transporter.
 12692 | D:9      | Reached XP level 11. HP: 99/99 MP: 13/13
 12709 | D:9      | Reached skill level 8 in Axes
 12715 | D:9      | Reached skill level 8 in Armour
 12959 | D:9      | Found a blossoming altar of Fedhas.
 13030 | D:9      | Found a transporter.
 13248 | D:9      | Noticed dolemite99's ghost (novice CoCj)
 13297 | D:8      | Became a worshipper of Kikubaaqudgha
 13744 | D:10     | Entered Level 10 of the Dungeon
 13747 | D:10     | Identified a potion of resistance
 13850 | D:10     | Reached skill level 6 in Shields
 14272 | D:10     | Found a flagged portal.
 14292 | Bailey   | Entered a bailey
 14443 | Bailey   | Reached skill level 11 in Necromancy
 14570 | Bailey   | Reached skill level 10 in Fighting
 14653 | Bailey   | Reached * piety under Kikubaaqudgha
 14653 | Bailey   | Received a gift from Kikubaaqudgha
 14751 | Bailey   | Noticed an orc knight
 14762 | Bailey   | Killed an orc knight
 15093 | Bailey   | Found a large runed translucent door.
 15093 | Bailey   | Found a large runed translucent door.
 15094 | Bailey   | Noticed a deep elf pyromancer
 15186 | Bailey   | Killed a deep elf pyromancer
 15206 | Bailey   | Identified the +5 chain mail of the Bruised Thickets
                  | {+Blink Regen+ Str+3 Dex-2}
 15227 | Bailey   | Identified the +1 morningstar "Nusiq" {flame, rC+}
 15271 | D:10     | Acquired 1174 gold pieces
 15322 | D:10     | Noticed an ogre mage
 15484 | D:10     | Killed an ogre mage
 15485 | D:10     | Reached skill level 9 in Axes
 16114 | D:11     | Reached skill level 9 in Armour
 16114 | D:11     | Reached skill level 7 in Shields
 16278 | D:11     | Noticed a two-headed ogre
 16289 | D:11     | Killed a two-headed ogre
 16911 | D:11     | Reached XP level 12. HP: 107/108 MP: 14/14
 16917 | D:11     | Reached ** piety under Kikubaaqudgha
 17172 | D:11     | Found a staircase to the Orcish Mines.
 17772 | D:12     | Reached skill level 11 in Fighting
 18473 | Lair:1   | Entered Level 1 of the Lair of Beasts
 18483 | Lair:1   | Reached skill level 10 in Axes
 18483 | Lair:1   | Reached skill level 12 in Necromancy
 18629 | Lair:1   | Reached skill level 8 in Shields
 18646 | Lair:1   | Noticed a boulder beetle
 19097 | Lair:1   | Killed a boulder beetle
 19248 | Lair:1   | Reached skill level 10 in Armour
 19409 | Lair:1   | Reached *** piety under Kikubaaqudgha
 19409 | Lair:1   | Received a gift from Kikubaaqudgha
 19441 | Lair:1   | Noticed a boulder beetle
 19648 | Lair:1   | Reached skill level 9 in Shields
 19770 | Lair:1   | Killed a boulder beetle
 19874 | Lair:1   | Reached skill level 11 in Axes
 20506 | Lair:2   | Reached XP level 13. HP: 93/117 MP: 12/15
 20521 | Lair:2   | Reached skill level 12 in Fighting
 20527 | Lair:2   | Reached **** piety under Kikubaaqudgha
 20665 | Lair:2   | Reached skill level 13 in Necromancy
 20709 | Lair:2   | Reached skill level 11 in Armour
 20716 | Lair:2   | Identified the +10 shortbow of Vedghiof {freeze, rElec rN+
                  | Int+3 Stlth-}
 21350 | Lair:3   | Noticed an eleionoma
 21350 | Lair:3   | Found a staircase to the Swamp.
 21760 | Lair:3   | Reached skill level 10 in Shields
 21811 | Lair:3   | Reached skill level 12 in Axes
 21832 | Lair:3   | Reached ***** piety under Kikubaaqudgha
 21902 | Lair:3   | Killed an eleionoma
 22157 | Lair:3   | Found a staircase to the Snake Pit.
 22529 | Lair:4   | Found a frozen archway.
 22567 | Lair:3   | Reached skill level 13 in Fighting
 22658 | IceCv    | Entered an ice cave
 22746 | IceCv    | Found a transporter.
 22760 | IceCv    | Found a transporter.
 23222 | Lair:4   | Reached XP level 14. HP: 77/129 MP: 16/16
 23227 | Lair:4   | Reached skill level 11 in Shields
 23227 | Lair:4   | Reached skill level 14 in Necromancy
 23339 | Lair:4   | Reached skill level 13 in Axes
 23933 | Lair:5   | Entered Level 5 of the Lair of Beasts
 24296 | Lair:5   | Identified the +3 war axe of Freehold {drain, Fly rElec rC-
                  | Str+3}
 24430 | Lair:5   | Found a staircase to the Slime Pits.
 24450 | Lair:5   | Noticed Snorg
 24459 | Lair:5   | Killed Snorg
 24545 | Lair:5   | Reached skill level 14 in Fighting
 24560 | Lair:5   | Reached ****** piety under Kikubaaqudgha
 24565 | Lair:5   | Reached skill level 12 in Shields
 24624 | Lair:5   | Reached skill level 14 in Axes
 24867 | Lair:5   | Reached skill level 15 in Necromancy
 25161 | Lair:5   | Found a large runed translucent door.
 25161 | Lair:5   | Found a large runed translucent door.
 25171 | Lair:5   | Reached XP level 15. HP: 88/139 MP: 17/17
 25640 | Lair:5   | Reached skill level 2 in Spellcasting
 25867 | D:5      | Killed TheLasagnaBaron's ghost
 25871 | D:5      | Killed ytrimaz's ghost
 25891 | D:5      | Received a gift from Kikubaaqudgha (forbidden knowledge)
 26299 | D:9      | Got Lugonu's Lessons on Superposition
 26305 | D:9      | Found a one-way gate to the infinite horrors of the Abyss.
 26364 | D:9      | Reached skill level 1 in Earth Magic
 27075 | D:9      | Killed dolemite99's ghost
 27207 | Orc:1    | Entered Level 1 of the Orcish Mines
 27427 | Orc:1    | Paralysed by an orc sorcerer for 5 turns
 27510 | Orc:1    | Found Diawidu's Weapon Emporium.
 27530 | Orc:1    | Reached skill level 2 in Earth Magic
 27869 | Orc:2    | Entered Level 2 of the Orcish Mines
 27954 | Orc:2    | Learned a level 6 spell: Death Channel
 27960 | Orc:2    | Learned a level 5 spell: Borgnjor's Vile Clutch
 27984 | Orc:2    | Reached skill level 3 in Spellcasting
 28341 | Orc:2    | Reached skill level 13 in Shields
 28480 | Orc:2    | Reached skill level 3 in Earth Magic
 28524 | Orc:2    | Found a staircase to the Elven Halls.
 28577 | Orc:2    | Identified a +1 robe of resistance
 28587 | Orc:2    | Paralysed by an orc sorcerer for 2 turns
 29096 | Orc:2    | Found Omolis's Jewellery Emporium.
 29710 | Orc:2    | Reached skill level 15 in Axes
 29723 | Orc:2    | Found a roughly hewn altar of Beogh.
 29823 | Orc:2    | Bought the ring of Voacicle {rPois rN+ Will+ Str+3 Dex+6
                  | Slay+3} for 1138 gold pieces
 29831 | Orc:2    | Found Bamio's Armour Shoppe.
 29868 | Orc:2    | Reached skill level 4 in Earth Magic
 29970 | Orc:2    | Reached skill level 4 in Spellcasting
 30250 | Orc:2    | Gained mutation: Your mind is acute. (Int +4, Str/Dex -1)
                  | [a neqoxec]
 30251 | Orc:2    | Gained mutation: You occasionally shout uncontrollably at
                  | your foes. [a neqoxec]
 30367 | Orc:2    | Found a roughly hewn altar of Beogh.
 30389 | Orc:2    | Found Hefevu's Magic Scroll Emporium.
 30631 | Orc:2    | Bought a scroll of identify for 32 gold pieces
 30631 | Orc:2    | Bought a scroll of identify for 32 gold pieces
 30722 | Orc:2    | Found Hiuhyl's Antique Weapon Shop.
 30981 | Orc:2    | Bought the amulet "Buuherot" {rPois Will+++ RegenMP+ rCorr
                  | SInv} for 1185 gold pieces
 31145 | D:13     | Reached skill level 5 in Earth Magic
 31154 | D:13     | Found a gate leading to a gauntlet.
 31163 | Gauntlet | Entered a Gauntlet
 31163 | Gauntlet | Found a transporter.
 31173 | Gauntlet | Found a transporter.
 31175 | Gauntlet | Found a transporter.
 31176 | Gauntlet | Found a transporter.
 31180 | Gauntlet | Found a runed translucent door.
 31180 | Gauntlet | Found a runed translucent door.
 31184 | Gauntlet | Found a transporter.
 31187 | Gauntlet | Found a transporter.
 31188 | Gauntlet | Found a transporter.
 31198 | Gauntlet | Found a transporter.
 31200 | Gauntlet | Found a transporter.
 31201 | Gauntlet | Found a transporter.
 31212 | Gauntlet | Found a transporter.
 31213 | Gauntlet | Found a transporter.
 31222 | Gauntlet | Found a transporter.
 31245 | Gauntlet | Found a transporter.
 31880 | Gauntlet | Identified the ring of the Wild Haggis {+Blink rPois rC-
                  | Dex+6 Slay-2}
 31903 | Gauntlet | Identified the ring of Fexu {Fly rPois rN+ Will- SInv}
 32129 | D:13     | Reached skill level 5 in Spellcasting
 32229 | D:13     | Noticed Josephine
 32237 | D:13     | Killed Josephine
 32315 | D:13     | Reached skill level 6 in Earth Magic
 32814 | D:14     | Reached skill level 14 in Shields
 32951 | D:14     | Reached XP level 16. HP: 143/147 MP: 23/23
 33054 | D:14     | Reached skill level 16 in Axes
 33060 | D:14     | Found a gate to the Vaults.
 33315 | D:14     | Found a glowing golden altar of the Shining One.
 33591 | D:15     | Entered Level 15 of the Dungeon
 33595 | D:15     | Noticed Louise
 33625 | D:15     | Killed Louise
 33626 | D:15     | Reached skill level 7 in Earth Magic
 33831 | D:15     | Learned a level 4 spell: Dispel Undead
 33841 | D:15     | Learned a level 4 spell: Anguish
 33952 | D:15     | Identified the +0 plate armour "Vaep" {rF++ Slay+3 Stlth+}
 34031 | D:15     | Found a radiant altar of Vehumet.
 34069 | D:15     | Reached skill level 1 in Hexes
 34325 | D:15     | Found a staircase to the Depths.
 34585 | Snake:1  | Entered Level 1 of the Snake Pit
 35070 | Snake:1  | Reached skill level 2 in Hexes
 35820 | Snake:1  | Identified the +2 robe of Activism {Int+2}
 36206 | Snake:2  | Reached skill level 3 in Hexes
 36207 | Snake:2  | Reached skill level 15 in Shields
 36233 | Snake:2  | Reached skill level 17 in Axes
 36343 | Snake:2  | Noticed Vashnia
 36396 | Snake:2  | Killed Vashnia
 36397 | Snake:2  | Reached skill level 4 in Hexes
 36582 | Snake:2  | Noticed Roxanne
 36703 | Snake:2  | Noticed Frances
 36880 | Snake:2  | Killed Frances
 37330 | Snake:3  | Acquired 617 gold pieces
 37384 | Snake:3  | Reached XP level 17. HP: 150/154 MP: 24/24
 37415 | Snake:3  | Found Zameohy's Weapon Shop.
 37420 | Snake:3  | Found Tarocyt's Distillery.
 37427 | Snake:3  | Bought a potion of heal wounds for 100 gold pieces
 37751 | Snake:4  | Entered Level 4 of the Snake Pit
 37755 | Snake:4  | Reached skill level 12 in Armour
 37954 | Snake:3  | HP: 12/154 [salamander/+0 glaive (10)]
 37955 | Snake:3  | HP: 4/154 [nagaraja/bolt of poison (6)]
 37960 | Snake:3  | HP: 14/154 [poisoned by a nagaraja (splash of poison)]
 37960 | Snake:3  | Killed from afar by a shock serpent

Vanquished Creatures
  Frances (Snake:2)
  A nagaraja (Snake:4)
  Louise (D:15)
  2 orc warlords (Orc:2)
  An eleionoma (Lair:3)
  A minotaur (Gauntlet)
  Snorg (Lair:5)
  An ettin (Orc:2)
  Josephine (D:13)
  An entropy weaver (Gauntlet)
  3 fire dragons
  5 hydras
  A catoblepas (Lair:4)
  3 boulder beetles
  An ogre mage (D:10)
  6 centaur warriors
  3 anacondas
  3 two-headed ogres
  8 death yaks
  2 hell hogs
  The ghost of dolemite99 the Conjurer, a novice CoCj of Makhleb (D:9)
  5 orc high priests (Orc:2)
  A soul eater (Gauntlet)
  A naga warrior (Snake:4)
  3 shock serpents
  6 naga sharpshooters
  2 fire crabs
  A skyshark (Lair:5)
  A skeletal warrior (D:9)
  A salamander mystic (Snake:3)
  A sea snake (Snake:3)
  An arcanist (D:13)
  A naga ritualist (Snake:4)
  9 mana vipers
  The ghost of TheLasagnaBaron the Grappler, a novice MiBe of Trog (D:5)
  6 manticores
  5 orc knights
  2 deep elf pyromancers
  5 orc sorcerers
  A wolf spider (Gauntlet)
  The ghost of ytrimaz the Prestidigitator, a novice CoAr (D:5)
  A salamander (Snake:2)
  5 cyclopes
  10 ugly things
  2 ice statues (IceCv)
  5 kobold blastminers (Orc:2)
  13 elephants
  2 toenail golems (D:9)
  2 naga magi (Snake:3)
  2 molten gargoyles (Lair:5)
  20 black mambas
  2 gargoyles
  2 unseen horrors
  13 cane toads
  A freezing wraith (IceCv)
  2 efreet (D:14)
  5 komodo dragons
  3 kobold demonologists
  2 rime drakes (Lair:4)
  An ice devil (Gauntlet)
  An ancient zyme (D:9)
  6 trolls
  3 polar bears
  A hornet (D:11)
  13 blink frogs
  6 dream sheep
  A dire elephant simulacrum (IceCv)
  3 slime creatures
  6 spriggans (Lair:3)
  2 shadows
  8 wraiths
  5 wargs
  5 basilisks
  5 wyverns
  70 yaks
  6 fire bats (Gauntlet)
  2 steam dragons
  3 unseen horror simulacra (D:9)
  2 redbacks (Gauntlet)
  A death yak simulacrum (IceCv)
  4 acid dragons
  A small abomination (D:9)
  10 nagas
  15 water moccasins
  48 orc warriors
  4 hell hounds
  Pargi (Sewer)
  4 ice beasts
  5 black bears
  2 laughing skulls (D:15)
  12 ogres
  A sky beast (D:5)
  17 wolves
  A boggart (shapeshifter) (D:15)
  7 centaurs
  A phantom (D:4)
  6 kobold brigands
  A brain worm (Sewer)
  8 bullfrogs
  A cane toad simulacrum (Lair:4)
  3 scorpions
  9 wights
  2 elephant simulacra
  A killer bee (D:10)
  2 vampire bats (D:8)
  7 electric eels
  2 howler monkeys (D:11)
  7 lava snakes
  6 jellies
  A bombardier beetle (D:3)
  29 orc priests
  A gnoll bouda (D:10)
  Ijyb (D:3)
  10 hell rats (Lair:1)
  18 orc wizards
  3 polar bear simulacra
  2 centaur simulacra (D:9)
  A river rat (D:5)
  5 adders
  13 gnolls
  3 shadow imps
  7 white imps
  2 howler monkey simulacra (D:9)
  8 ufetubi
  3 dart slugs
  A ribbon worm (D:4)
  84 orcs
  8 ball pythons
  5 bat skeletons (D:8)
  A bat zombie (D:8)
  10 endoplasms
  2 giant cockroaches
  11 goblins
  12 hobgoblins
  7 jackals (D:4)
  7 quokkas
  6 bats
  2 frilled lizards
  17 kobolds
  6 rats
817 creatures vanquished.

Vanquished Creatures (collateral kills)
  Vashnia (Snake:2)
  An ironbound preserver (D:14)
  2 hydras
  A hell hog (Lair:5)
  4 anacondas
  A boulder beetle (Lair:1)
  2 death yaks
  A shock serpent (Snake:4)
  A naga sharpshooter (Snake:2)
  5 mana vipers
  4 naga ritualists
  A lindwurm (Lair:4)
  An orc sorcerer (Orc:2)
  3 ugly things (D:15)
  A cyclops (D:15)
  9 elephants
  A naga mage (Snake:3)
  10 black mambas
  6 cane toads
  3 komodo dragons
  3 trolls
  A hornet (D:8)
  5 blink frogs
  7 dream sheep
  A slime creature (Lair:5)
  11 yaks
  4 wyverns
  A basilisk (D:14)
  7 nagas
  3 water moccasins
  2 hell hounds (Lair:5)
  2 orc warriors
  5 wolves
  An ogre (Orc:2)
  A bullfrog (Lair:4)
  A wight (D:7)
  An electric eel (Lair:1)
  A lava snake (Lair:1)
  9 orc priests
  5 orc wizards
  A hell rat (Lair:1)
  A centaur simulacrum (D:9)
  21 orcs
  An endoplasm (D:1)
  A giant cockroach (D:1)
  A bat (D:1)
  A kobold (D:15)
  2 rats (D:5)
158 creatures vanquished.

Vanquished Creatures (others)
  3 anaconda zombies (Snake:2)
  An ugly thing zombie (D:15)
  A centaur zombie (D:15)
  A shock serpent zombie (Snake:4)
  7 mana viper zombies
  2 rime drakes (IceCv)
  A hydra zombie (Lair:5)
  13 black mamba zombies
  A slime creature zombie (Lair:5)
  A hornet zombie (D:11)
  2 ice beasts (IceCv)
  5 elephant zombies
  A blink frog zombie (Lair:3)
  2 rime drake zombies (IceCv)
  2 hell hound zombies (Lair:5)
  2 wyvern zombies (Lair:5)
  A warg zombie (Orc:2)
  A water moccasin zombie (Lair:5)
  10 yak zombies
  A troll zombie (Orc:2)
  5 wolf zombies
  2 bullfrog zombies
  An orc wizard (Orc:2)
  A killer bee zombie (D:10)
  An ogre zombie (Orc:2)
  2 ice beast zombies (IceCv)
  8 naga zombies
  5 hell rat zombies (Lair:1)
  40 orc zombies
123 creatures vanquished.

Grand Total: 1098 creatures vanquished

Table legend: (Time is in decaauts)
 A = Elapsed time spent in this place.
 B = Non-inter-level travel time spent in this place.
 C = Inter-level travel time spent in this place.
 D = Time resting spent in this place.
 E = Time spent auto-exploring this place.
 F = Levels seen in this place.
 G = Mean time per level.
                   A        B        C        D        E       F      G
               +--------+--------+--------+--------+--------+-----+--------+
         Total |  38325 |  36987 |   1338 |   9144 |  18157 |  31 | 1236.3 |
       Dungeon |  21623 |  20711 |    912 |   4877 |  10996 |  15 | 1441.5 |
        Temple |      1 |      1 |      0 |      0 |      0 |   1 |    1.0 |
          Lair |   6793 |   6553 |    240 |    903 |   3591 |   5 | 1358.6 |
     Snake Pit |   3331 |   3208 |    123 |    796 |   1639 |   4 |  832.8 |
  Orcish Mines |   3695 |   3633 |     62 |   1058 |   1446 |   2 | 1847.5 |
         Sewer |    642 |    642 |      0 |    326 |    214 |   1 |  642.0 |
        Bailey |    994 |    994 |      0 |    602 |    126 |   1 |  994.0 |
      Ice Cave |    472 |    472 |      0 |    296 |      0 |   1 |  472.0 |
      Gauntlet |    772 |    772 |      0 |    285 |    143 |   1 |  772.0 |
               +--------+--------+--------+--------+--------+-----+--------+

Top non-repeatable levels by time:
   Orc:2: 3056 daAuts
     D:9: 2877 daAuts
     D:8: 2621 daAuts
     D:7: 1848 daAuts
  Lair:1: 1745 daAuts
 Snake:1: 1672 daAuts
     D:6: 1618 daAuts
    D:10: 1579 daAuts
     D:4: 1525 daAuts
    D:11: 1520 daAuts
  Lair:5: 1455 daAuts
     D:5: 1359 daAuts
  Lair:3: 1310 daAuts
     D:2: 1223 daAuts
  Lair:4: 1202 daAuts

Table legend:
 A = Non-vault XP
 B = Vault XP
 C = Vault XP percentage of total XP
 D = Non-vault monster count
 E = Vault monster count
 F = Vault count percentage of total count
                 A         B        C        D         E       F
            +---------+---------+-------+---------+---------+-------
      Total |  134715 |   91680 |  40.5 |     571 |     404 |  41.4
            +---------+---------+-------+---------+---------+-------
        D:1 |      49 |       0 |   0.0 |      28 |       0 |   0.0
        D:2 |      57 |       0 |   0.0 |      18 |       0 |   0.0
        D:3 |      62 |      36 |  36.7 |      12 |       1 |   7.7
        D:4 |     410 |       0 |   0.0 |      25 |       0 |   0.0
        D:5 |     637 |    1244 |  66.1 |      21 |       9 |  30.0
        D:6 |    1579 |      68 |   4.1 |      25 |       2 |   7.4
        D:7 |    1189 |    1632 |  57.9 |      12 |       2 |  14.3
        D:8 |    1463 |    2270 |  60.8 |      21 |      22 |  51.2
        D:9 |    1732 |    4998 |  74.3 |      17 |      24 |  58.5
       D:10 |    1132 |    2550 |  69.3 |      15 |      12 |  44.4
       D:11 |    3546 |     581 |  14.1 |      11 |      14 |  56.0
       D:12 |    3354 |     414 |  11.0 |      15 |       2 |  11.8
       D:13 |    6153 |    1102 |  15.2 |      11 |       2 |  15.4
       D:14 |    7799 |    4918 |  38.7 |      14 |       9 |  39.1
       D:15 |    8341 |    3015 |  26.5 |      17 |       4 |  19.0
     Lair:1 |    7699 |    3116 |  28.8 |      40 |      16 |  28.6
     Lair:2 |    6489 |    2412 |  27.1 |      21 |       6 |  22.2
     Lair:3 |   11183 |    2947 |  20.9 |      47 |      11 |  19.0
     Lair:4 |   14324 |     252 |   1.7 |      48 |       5 |   9.4
     Lair:5 |   19217 |    9167 |  32.3 |      53 |      31 |  36.9
    Snake:1 |    4695 |       0 |   0.0 |      10 |       0 |   0.0
    Snake:2 |   10252 |    8991 |  46.7 |      17 |       9 |  34.6
    Snake:3 |   17828 |     436 |   2.4 |      36 |       1 |   2.7
    Snake:4 |    2669 |    6359 |  70.4 |       4 |      10 |  71.4
      Orc:1 |    2388 |       0 |   0.0 |      31 |       0 |   0.0
      Orc:2 |       0 |   24342 | 100.0 |       0 |     161 | 100.0
      Sewer |       0 |     343 | 100.0 |       0 |       8 | 100.0
     Bailey |       0 |    2143 | 100.0 |       0 |      14 | 100.0
      IceCv |       0 |    2194 | 100.0 |       0 |       8 | 100.0
   Gauntlet |     468 |    6150 |  92.9 |       2 |      21 |  91.3
            +---------+---------+-------+---------+---------+-------
